 Dungeon Crawl Stone Soup version 0.29-a0-925-g0a7a3d12f8 (webtiles) character file.

Game seed: 12486202538714977340

4415 concernfroge the Fighter (level 10, -4/85 HPs)
             Began as a Mummy Monk on July 28, 2022.
             Was an Initiate of Gozag.
             Slain by a vampire (9 damage)
             ... on level 6 of the Dungeon.
             The game lasted 00:45:11 (10277 turns).

concernfroge the Fighter (Mummy Monk)              Turns: 10277, Time: 00:45:12

Health: -4/85      AC:  2    Str: 22    XL:     10   Next: 14%
Magic:  10/10      EV: 19    Int:  9    God:    Gozag
Gold:   243        SH:  8    Dex: 18    Spells: 9/9 levels left

rFire   x . .      SeeInvis .   h - +4 sling (flame)
rCold   + . .      Faith    .   g - +0 kite shield
rNeg    + + +      Spirit   .   (no body armour)
rPois   ∞          Reflect  .   e - +0 helmet
rElec   .          Harm     .   p - +0 cloak
rCorr   .          Rampage  .   (no gloves)
Will    +....                   (no boots)
Stlth   ++........              m - amulet of magic regeneration
HPRegen 0.24/turn               k - ring of the Hare {EV+8}
MPRegen 0.52/turn               l - +6 ring of strength

@: no status effects
A: cold resistance 1, negative energy resistance 3, torment resistance 2, heat
vulnerability 1, in touch with death 1, no potions
a: Renounce Religion, Potion Petition, Call Merchant, Bribe Branch


You were on level 6 of the Dungeon.
You worshipped Gozag.
Gozag was aware of your devotion.
You visited 2 branches of the dungeon, and saw 10 of its levels.

You collected 1131 gold pieces.
You paid 888 gold pieces to Gozag.

Inventory:

Hand Weapons
 a - a +0 spear
 h - a +4 sling of flaming (weapon)
 j - a +0 shortbow
Missiles
 b - 17 poisoned darts
Armour
 e - a +0 helmet (worn)
 g - a +0 kite shield (worn)
 i - a +0 chain mail
 n - the +14 gold dragon scales of Laptes {*Slow rPois rF+ rC+ Str+4 Slay+3}
   (You acquired it on level 6 of the Dungeon)

   Str:       It affects your strength (+4).
   Slay:      It affects your accuracy & damage with ranged weapons and melee
   (+3).
   rF:        It protects you from fire.
   rC:        It protects you from cold.
   rPois:     It protects you from poison.
   *Slow:     It may slow you when you take damage.
 p - a +0 cloak (worn)
Jewellery
 f - a ring of protection from fire
 k - the ring of the Hare (left hand) {EV+8}
   (You found it on level 4 of the Dungeon)

   [ring of evasion]

   EV:        It affects your evasion (+8).
 l - a +6 ring of strength (right hand)
 m - an amulet of magic regeneration (around neck)
Wands
 d - a wand of digging (2)
Scrolls
 c - a scroll of magic mapping
 o - 2 scrolls of vulnerability
 r - 2 scrolls of identify


   Skills:
 - Level 10.0 Fighting
 - Level 2.4 Polearms
 + Level 9.6 Ranged Weapons
 - Level 2.4 Dodging
 - Level 1.5 Stealth


You had 9 spell levels left.
You didn't know any spells.
Your spell library contained the following spells:

 Spells                   Type           Power      Damage    Failure   Level
 Apportation              Tloc           0%         N/A       83%         1
 Necrotise                Necr           0%         1d4       83%         1
 Sandblast                Erth           0%         2d4       83%         1
 Summon Small Mammal      Summ           0%         N/A       83%         1
 Passwall                 Tmut/Erth      0%         N/A       92%         2
 Gell's Gravitas          Tloc           0%         N/A       99%         3
 Lesser Beckoning         Tloc           0%         N/A       99%         3
 Stone Arrow              Conj/Erth      0%         3d7       99%         3
 Teleport Other           Tloc           0%         N/A       99%         3


Dungeon Overview and Level Annotations

Branches:
Dungeon (9/15)             Temple (1/1) D:5             Orc (0/2) D:9
   Lair: D:8-11

Altars:
Ashenzari
Cheibriados
Dithmenos
Fedhas
Gozag
Hepliaklqana
Kikubaaqudgha
Makhleb
Nemelex Xobeh
Okawaru
Qazlal
Ru
Sif Muna
Trog
Uskayaw
Vehumet
Wu Jian
Xom
Yredelemnul

Annotations:
D:9 3 runed translucent doors, spaghetti's ghost, journeyman OgFE


Innate Abilities, Weirdness & Mutations

You are immune to poison.
Your flesh is cold resistant. (rC+)
You are immune to negative energy. (rN+++)
You are immune to unholy pain and torment.
You are vulnerable to heat. (rF-)
You are in touch with the powers of death.
You do not drink.


Message History

This is a scroll of acquirement!
Something appears at your feet! Something hits you but does no damage.
Something bites you!
* * * LOW HITPOINT WARNING * * *
[a] - 468 gold - haste, might and brilliance [b] - 336 gold - might and resistance [c] - 240 gold - heal wounds and curing Purchase which effect?
You no longer have enough gold to petition Gozag for potion effects.
You feel much better.
You feel better. You block something's attack. Something bites you.
n - the +14 gold dragon scales of Laptes {*Slow rPois rF+ rC+ Str+4 Slay+3} Something barely misses you.
Something bites you. Something hits you.
Keep disrobing?
Something bites you but does no damage.
You start removing your armour.
You continue taking off your +0 chain mail.
Something hits you but does no damage. You block something's attack.
You continue taking off your +0 chain mail.
Something hits you. Something bites you.
You continue taking off your +0 chain mail.
Something hits you. Something bites you but does no damage.
You continue taking off your +0 chain mail.
Something hits you but does no damage. Something bites you!
* * * LOW HITPOINT WARNING * * *
You finish taking off your +0 chain mail.
Something hits you but does no damage.
Keep equipping yourself?
Something barely misses you.
You start putting on your armour.
You continue putting on the +14 gold dragon scales of Laptes {*Slow rPois rF+ rC+ Str+4 Slay+3}.
Something hits you.
* * * LOW HITPOINT WARNING * * *
Something bites you!
* * * LOW HITPOINT WARNING * * *
You continue putting on the +14 gold dragon scales of Laptes {*Slow rPois rF+ rC+ Str+4 Slay+3}.
Something barely misses you. Something bites you!
You die...
Your body crumbles into a pile of gold.

..# ..# ### ..#...
####### ####.... #
......### ##....#...#
........# #.#....#..#
.§###e#.# #..#.{..#.#
.. #.#.# #...#@...#
..###§#.# #.....####
e##...#.####...#....##
.#.###.....#..#....#.#
#### ####
##.####.#....#..#
##..## .# ##.#
##....#...# ##8..8##
.## #.#######.....#
##....... ..#
##...##....#...#
#....>... ..##
##..###.#....#..#
#.#8..8#.


There were no monsters in sight!

Vanquished Creatures
  Pikel (D:8)
  Maurice (D:8)
  Grinder (D:5)
  A steam dragon (D:7)
  2 wargs (D:9)
  Menkaure (D:4)
  Duvessa (D:6)
  3 ogres
  2 centaurs
  A tengu (D:8)
  A phantom (D:6)
  6 bullfrogs
  3 necrophages
  3 scorpions (D:5)
  Dowan (D:6)
  9 killer bees
  3 howler monkeys
  4 hounds
  Crazy Yiuf (D:6)
  An orc priest (D:8)
  A jelly (D:7)
  4 iguanas
  An orc wizard (D:8)
  A hound zombie (D:3)
  15 adders
  12 gnolls
  A shadow imp (D:8)
  A white imp (D:8)
  An ufetubus (D:5)
  An adder zombie (D:3)
  2 worms
  3 dart slugs
  11 orcs
  6 bats
  8 endoplasms
  2 giant cockroaches (D:2)
  9 goblins
  11 hobgoblins
  2 jackals (D:1)
  4 quokkas
  3 ball pythons (D:3)
  2 frilled lizards (D:1)
  9 kobolds
  8 rats
164 creatures vanquished.

Vanquished Creatures (collateral kills)
  A shadow (D:9)
1 creature vanquished.

Vanquished Creatures (others)
  4 killer bees (D:9)
4 creatures vanquished.

Grand Total: 169 creatures vanquished

Notes
Turn   | Place    | Note
-------+----------+-------------------------------------------
     0 | D:1      | concernfroge the Mummy Monk began the quest for the Orb.
     0 | D:1      | Reached XP level 1. HP: 18/18 MP: 1/1
   262 | D:1      | Reached XP level 2. HP: 24/25 MP: 2/2
   316 | D:1      | Reached skill level 4 in Fighting
   460 | D:1      | Gained mutation: You are in touch with the powers of death.
                  | [Mummy growth]
   460 | D:1      | Reached XP level 3. HP: 30/30 MP: 3/3
  1314 | D:2      | Reached XP level 4. HP: 38/38 MP: 4/4
  1575 | D:2      | Reached skill level 5 in Fighting
  1826 | D:3      | Found a faded altar of an unknown god.
  1841 | D:3      | Found an ornate altar of the Wu Jian Council.
  2402 | D:3      | Reached XP level 5. HP: 46/46 MP: 5/5
  2524 | D:3      | Found a basalt altar of Yredelemnul.
  2627 | D:3      | Reached skill level 6 in Fighting
  2666 | D:4      | Noticed an ogre
  2912 | D:4      | Found the ring of the Hare {EV+8}
  3189 | D:5      | Entered Level 5 of the Dungeon
  3189 | D:5      | Noticed a centaur
  3197 | D:5      | Killed a centaur
  3198 | D:5      | Reached skill level 7 in Fighting
  3198 | D:5      | Reached XP level 6. HP: 29/55 MP: 6/6
  3933 | D:5      | Found a staircase to the Ecumenical Temple.
  3942 | Temple   | Entered the Ecumenical Temple
  4067 | Temple   | Became a worshipper of Gozag Ym Sagoz the Greedy
  4404 | D:5      | Reached skill level 8 in Fighting
  4404 | D:5      | Reached XP level 7. HP: 62/62 MP: 7/7
  4523 | D:5      | Found a sparkling altar of Nemelex Xobeh.
  4788 | D:5      | Noticed Grinder
  4835 | D:5      | Killed Grinder
  4836 | D:5      | Reached skill level 9 in Fighting
  5499 | D:4      | Noticed Menkaure
  5505 | D:4      | Killed Menkaure
  5506 | D:4      | Reached skill level 10 in Fighting
  5506 | D:4      | Reached XP level 8. HP: 72/72 MP: 8/8
  5559 | D:4      | Reached skill level 1 in Ranged Weapons
  5820 | D:4      | Found a broken altar of Ashenzari.
  6245 | D:6      | Found a hazy altar of Hepliaklqana.
  6245 | D:6      | Noticed Duvessa
  6245 | D:6      | Noticed Dowan
  6548 | D:6      | Found a snail-covered altar of Cheibriados.
  6650 | D:6      | Reached skill level 5 in Ranged Weapons
  6780 | D:6      | Found a runed translucent door.
  6781 | D:6      | Noticed Crazy Yiuf
  6787 | D:6      | Killed Crazy Yiuf
  7020 | D:6      | Found a hide-covered altar of Uskayaw.
  7098 | D:7      | Identified the +5 war axe of Pocseyri {vorpal, Fly rF- rC+
                  | Stlth+}
  7138 | D:7      | Reached XP level 9. HP: 77/78 MP: 9/9
  7905 | D:8      | Noticed Maurice
  7965 | D:8      | Killed Maurice
  8204 | D:8      | Found a sacrificial altar of Ru.
  8216 | D:8      | Found a shimmering altar of Xom.
  8294 | D:8      | Found a shimmering blue altar of Sif Muna.
  8319 | D:8      | Noticed Pikel
  8544 | D:8      | Killed Pikel
  8772 | D:8      | Identified the +5 rapier of Kuqamy {holy, rC+}
  8921 | D:9      | Found a runed translucent gate.
  8922 | D:9      | Found a runed translucent gate.
  8924 | D:9      | Found a runed translucent gate.
  8927 | D:9      | Noticed spaghetti's ghost (journeyman OgFE)
  8949 | D:9      | Noticed a troll
  9294 | D:9      | Reached XP level 10. HP: 85/85 MP: 10/10
  9332 | D:9      | Found a staircase to the Orcish Mines.
  9522 | D:9      | Noticed a two-headed ogre
  9908 | D:6      | Killed Duvessa
  9913 | D:6      | Killed Dowan
 10139 | D:6      | Found a radiant altar of Vehumet.
 10157 | D:6      | Found an iron altar of Okawaru.
 10267 | D:6      | Identified a scroll of acquirement
 10267 | D:6      | Acquired the +14 gold dragon scales of Laptes {*Slow rPois
                  | rF+ rC+ Str+4 Slay+3}
 10277 | D:6      | Slain by a vampire

Illustrated notes

Levels and vault maps discovered:
D:1:      dpeg_chamrin_arrival_tetris, layout_loops_ring, minivault_26
D:2:      layout_basic, minmay_ruptured
D:3:      layout_basic, lemuel_zombie_altar_yredelemnul,
          mainiacjoe_overflow_tiny_flanked, nicolae_ecumenical_pavilion
D:4:      layout_rooms, evilmike_ruin_ashenzari, minmay_misc_feat_hallway,
          uniq_menkaure
D:5:      layout_basic, nemelex_xobeh_ov_fountains_minmay,
          minmay_temple_entry_ruins, enter_ossuary_2, kennysheep_big_empty_room,
          minivault_14, minmay_diced_spiral, uniq_grinder
D:6:      layout_loops_ring, mainiacjoe_overflow_cross_hatched,
          nicolae_overflow_quartered_altars, st_stairs_6,
          hangedman_decor_diamond_cutter, chequers_serial_rivers_micro_a,
          uniq_duvessa, uniq_crazy_yiuf_cottage
D:7:      layout_loops_cross
D:8:      layout_rooms, mainiacjoe_overflow_big_doors,
          mainiacjoe_overflow_boulevard, uniq_pikel, uniq_maurice
D:9:      layout_long_grid, zin_academy, david_orc_3, ebering_ghost_rock_garden,
          hangedman_decor_clover_reticule
Temple:   nicolae_temple_figure_zero

Skill      XL: |  1  2  3  4  5  6  7  8  9 |
---------------+----------------------------+-----
Fighting       | 4 5 7 8 10 | 10.0
Ranged Weapons | 5 9 |  9.6
Polearms       | |  2.4
Dodging        | |  2.4
Stealth        | |  1.5

Action                   |  1- 3 |  4- 6 |  7- 9 | 10-12 || total
-------------------------+-------+-------+-------+-------++-------
Melee: Spear             |   133 |    57 |       |       ||   190
 Fire: Sling             |       |   191 |   398 |    60 ||   649
Throw: Dart              |     6 |     3 |       |       ||     9
Invok: Potion Petition   |       |       |     1 |     1 ||     2
Evoke: Wand              |       |       |     8 |     7 ||    15
  Use: Scroll            |       |     2 |    12 |     3 ||    17
 Stab: Sleeping          |     1 |       |       |       ||     1
Armor: Ring mail         |    23 |    38 |       |       ||    61
       Chain mail        |       |   107 |   133 |    33 ||   273
       Skin              |       |       |       |     1 ||     1
Dodge: Dodged            |    43 |    85 |   221 |    47 ||   396
Block: Kite shield       |    22 |   108 |   134 |    22 ||   286

Table legend: (Time is in decaauts)
 A = Elapsed time spent in this place.
 B = Non-inter-level travel time spent in this place.
 C = Inter-level travel time spent in this place.
 D = Time resting spent in this place.
 E = Time spent auto-exploring this place.
 F = Levels seen in this place.
 G = Mean time per level.
                   A        B        C        D        E       F      G
               +--------+--------+--------+--------+--------+-----+--------+
         Total |  10804 |  10094 |    710 |   1066 |   7004 |  10 | 1080.4 |
       Dungeon |  10665 |   9978 |    687 |   1066 |   6891 |   9 | 1185.0 |
        Temple |    138 |    115 |     23 |      0 |    113 |   1 |  138.0 |
               +--------+--------+--------+--------+--------+-----+--------+

Top non-repeatable levels by time:
     D:5: 2580 daAuts
     D:8: 1642 daAuts
     D:6: 1203 daAuts
     D:3: 1115 daAuts
     D:4: 1083 daAuts
     D:1: 946 daAuts
     D:2: 898 daAuts
     D:7: 783 daAuts
     D:9: 411 daAuts
  Temple: 138 daAuts
